Map: [ESL] Tropical Sacrifice

Players

ShoWTimE

  • Race: Protoss Protoss
  • Spawn Location: 1:00

herO - Winner!

  • Race: Protoss Protoss
  • Spawn Location: 7:00

Event: DreamHack SC2 Masters 2022 Valencia

VOD

Have the link to the VOD?

Description

Time

  • Played on: July 2, 2022, 7:52 a.m.
  • Length: 11:24

All games in this series

Show
View Real Time Build Order
Export as new Build Order

ShoWTimE Protoss 

Build Orders: 1 Gate Expand, Phoenix Opening 

Get SALT Encoding   

  12  0:00  Probe  
  13  0:12  Probe  
  14  0:19  Pylon  
  14  0:24  Probe  
  15  0:37  Probe (Chrono Boost)  
  15  0:39  Gateway  
  16  0:45  Probe (Chrono Boost)  
  16  0:47  Assimilator  
  17  0:51  Probe  
  18  1:03  Probe  
  19  1:15  Probe  
  20  1:26  Nexus  
  20  1:35  Cybernetics Core  
  21  1:45  Zealot  
  22  1:49  Pylon  
  22  1:53  Probe  
  23  1:59  Assimilator  
  23  2:07  Probe  
  24  2:10  Stalker (Chrono Boost)  
  24  2:15  Warp Gate  
  26  2:19  Probe  
  27  2:32  Stalker, Probe (Chrono Boost)  
  30  2:38  Probe (Chrono Boost)  
  32  2:49  Probe x2 (Chrono Boost)  
  33  2:54  Probe (Chrono Boost)  
  33  2:55  Probe  
  32  3:06  Probe (Chrono Boost)  
  32  3:11  Sentry  
  32  3:12  Probe (Chrono Boost)  
  34  3:17  Probe (Chrono Boost)  
  36  3:21  Probe (Chrono Boost)  
  36  3:22  Probe (Chrono Boost)  
  36  3:30  Twilight Council  
  36  3:32  Probe (Chrono Boost)  
  36  3:34  Probe (Chrono Boost)  
  36  3:44  Probe (Chrono Boost)  
  36  3:48  Probe (Chrono Boost)  
  38  3:49  Probe (Chrono Boost)  
  38  3:51  Phoenix  
  38  3:52  Gateway  
  39  3:56  Probe  
  39  3:58  Probe  
  39  4:02  Adept  
  43  4:08  Probe, Blink (Chrono Boost)  
  43  4:10  Probe  
  44  4:20  Pylon, Probe  
  44  4:23  Probe  
  46  4:25  Gateway  
  46  4:38  Probe x2  
  46  4:42  Pylon  
  48  4:47  Stalker x2  
  48  4:50  Probe x2  
  54  5:02  Probe x2  
  54  5:09  Shield Battery  
  54  5:13  Stalker x2  
  58  5:15  Probe x2  
  58  5:18  Pylon  
  58  5:20  Stalker  
  58  5:27  Probe  
  50  5:36  Stalker x2  
  50  5:40  Probe  
  54  5:44  Stalker, Assimilator  
  54  5:46  Probe, Robotics Facility  
  57  5:52  Probe  
  56  6:00  Stalker x2  
  56  6:03  Pylon  
  61  6:05  Pylon  
  60  6:19  Pylon  
  60  6:21  Nexus  
  60  6:24  Stalker x3  
  65  6:26  Probe x2  
  65  6:31  Immortal (Chrono Boost)  
  67  6:33  Pylon  
  67  6:38  Probe x2  
  73  6:44  Shield Battery  
  71  6:52  Stalker x3  
  69  6:54  Probe x2  
  71  7:05  Immortal (Chrono Boost)  
  75  7:13  Probe  
  70  7:17  Stalker x2  
  70  7:18  Stalker  
  70  7:20  Probe  
  75  7:28  Pylon  
  71  7:43  Stalker  
  71  7:44  Stalker x2  
  77  7:48  Probe x2  
  77  7:51  Observer  
  80  7:57  Nexus, Pylon  
  80  8:00  Probe x2  
  82  8:08  Forge  
  82  8:10  Nexus  
  82  8:12  Observer, Pylon  
  83  8:14  Probe x2  
  85  8:24  Stalker x2  
  85  8:27  Stalker  
  91  8:31  Protoss Ground Weapons Level 1 (Chrono Boost), Probe x2  
  93  8:40  Shield Battery  
  93  8:41  Pylon  
  93  8:48  Probe x2  
  94  8:56  Shield Battery  
  94  8:57  Pylon  
  94  9:00  Stalker x3  
  100  9:14  Gateway  
  100  9:15  Gateway  
  99  9:20  Gateway  
  99  9:21  Charge  
  99  9:24  Stalker  
  99  9:30  Stalker  
  103  9:33  Stalker  
  105  9:39  Observer  
  101  9:55  Nexus  
  101  9:57  Pylon  
  101  10:01  Stalker x3  
  107  10:10  Stalker x2  
  111  10:17  Stalker  
  114  10:21  Probe  
  114  10:22  Probe  
  114  10:24  Photon Cannon  
  114  10:25  Probe  
  114  10:26  Shield Battery  
  114  10:27  Pylon  
  116  10:35  Pylon  
  116  10:36  Observer  
  117  10:44  Stalker x3  
  121  10:50  Shield Battery  
  121  10:52  Stalker  
  121  10:53  Probe x2  
  121  10:54  Probe  
  126  11:00  Shield Battery  
  126  11:02  Zealot x2  
  120  11:04  Shield Battery  
  120  11:10  Zealot x3  
  112  11:15  Zealot  
Show
View Real Time Build Order
Export as new Build Order

herO Protoss - Winner!

Build Orders: Blink Stalkers 

Get SALT Encoding   

  12  0:01  Probe  
  13  0:13  Probe  
  14  0:20  Pylon  
  14  0:25  Probe  
  15  0:38  Probe (Chrono Boost)  
  15  0:42  Gateway  
  16  0:47  Probe (Chrono Boost)  
  16  0:48  Assimilator  
  17  0:52  Probe  
  18  1:04  Probe  
  19  1:14  Assimilator  
  19  1:16  Pylon, Probe  
  20  1:28  Probe  
  20  1:30  Cybernetics Core, Zealot  
  23  1:41  Probe  
  24  1:53  Probe  
  25  2:04  Adept (Chrono Boost)  
  25  2:05  Probe  
  25  2:06  Stargate  
  28  2:12  Pylon  
  28  2:13  Warp Gate  
  28  2:26  Adept  
  30  2:47  Nexus  
  28  3:00  Adept  
  28  3:03  Twilight Council  
  28  3:05  Probe  
  29  3:17  Gateway  
  29  3:19  Probe  
  30  3:31  Probe  
  29  3:35  Gateway  
  29  3:38  Blink (Chrono Boost)  
  31  3:47  Probe  
  30  3:59  Probe x2  
  32  4:03  Stalker  
  34  4:12  Probe x2  
  34  4:13  Stalker  
  36  4:20  Pylon  
  37  4:28  Stalker  
  37  4:29  Stalker  
  40  4:35  Probe x2  
  42  4:39  Stalker  
  44  4:47  Probe x2  
  45  4:54  Stalker x2  
  49  5:05  Stalker  
  49  5:10  Pylon  
  49  5:11  Probe  
  51  5:17  Stalker  
  51  5:19  Stalker  
  50  5:28  Stalker  
  50  5:29  Probe x2  
  54  5:41  Probe x2  
  56  5:42  Stalker x2  
  56  5:46  Pylon  
  60  5:51  Stalker  
  60  5:53  Probe  
  60  5:54  Probe  
  62  6:05  Nexus  
  62  6:16  Stalker x3  
  68  6:18  Pylon  
  68  6:22  Probe x2  
  70  6:29  Robotics Facility  
  70  6:30  Shield Battery  
  70  6:33  Assimilator  
  70  6:40  Adept x2  
  70  6:41  Stalker  
  70  6:43  Probe  
  70  6:44  Probe  
  70  6:55  Probe  
  70  6:56  Probe  
  70  6:57  Forge  
  70  6:59  Gateway  
  72  7:09  Probe x2  
  72  7:13  Protoss Ground Weapons Level 1 (Chrono Boost)  
  72  7:15  Stalker x2  
  78  7:16  Stalker  
  78  7:20  Observer (Chrono Boost)  
  78  7:22  Probe x2  
  79  7:23  Probe  
  79  7:26  Shield Battery  
  80  7:32  Observer (Chrono Boost)  
  80  7:36  Probe  
  80  7:37  Probe x2  
  80  7:46  Assimilator  
  80  7:48  Stalker x3  
  80  7:49  Probe x3  
  89  7:54  Gateway  
  89  8:00  Pylon  
  89  8:01  Pylon  
  89  8:04  Charge (Chrono Boost)  
  89  8:10  Pylon  
  89  8:12  Warp Prism  
  89  8:18  Probe x3, Gateway  
  89  8:19  Gateway  
  94  8:22  Gateway  
  93  8:27  Sentry x2  
  93  8:28  Zealot  
  93  8:30  Probe x2  
  93  8:32  Probe  
  102  8:36  Observer  
  102  8:41  Pylon  
  102  8:45  Pylon x2  
  102  8:47  Zealot  
  102  8:48  Observer, Pylon, Zealot  
  107  8:56  Zealot  
  107  8:57  Pylon  
  107  9:02  Protoss Ground Weapons Level 2 (Chrono Boost)  
  109  9:07  Stalker x2  
  113  9:12  Stalker x2  
  117  9:22  Nexus  
  117  9:25  Pylon  
  117  9:33  Stalker x4  
  121  9:55  Probe x3  
  124  10:00  Stalker x5  
  124  10:01  Stalker x2  
  124  10:03  Stalker  
  140  10:09  Probe x3  
  143  10:28  Stalker x7  
  143  10:32  Zealot  
  143  10:33  Pylon  
  157  10:38  Probe x3  
  157  10:39  Probe  
  161  10:57  Zealot x6  
  161  10:58  Zealot x2  
  151  11:17  Zealot x6  
  151  11:18  Zealot x2  

Tags
 
Add a new tag
Caveats
  • Supply blocks, unpowered buildings, or Contaminate may cause inaccurate times.
  • Supply counts are checked every 10 seconds.